 Dungeon Crawl Stone Soup version 0.30.1-9-gdf580d7c3d (webtiles) character file.

Game seed: 13858542243517261262

143919 Cheops the Convoker (level 17, -30/138 HPs)
             Began as a Naga Ice Elementalist on Oct 21, 2023.
             Was the Champion of Cheibriados.
             Killed from afar by Nikola (62 damage)
             ... with an arc of chain lightning
             ... on level 3 of the Swamp.
             The game lasted 02:31:49 (38637 turns).

Cheops the Convoker (Naga Ice Elementalist)        Turns: 38637, Time: 02:31:49

Health: -30/138    AC: 22    Str: 26    XL:     17   Next: 38%
Magic:  22/31      EV: 14    Int: 37    God:    Cheibriados [******]
Gold:   1324       SH: 16    Dex: 28    Spells: 5/36 levels left

rFire   . . .        a - +3 trident (flame)
rCold   + + +        y - +4 kite shield
rNeg    . . .        W - +4 skin of Zhor {*Englaciate rC+++ SInv}
rPois   +            i - +2 helmet
rElec   .            R - +0 cloak {rPois}
rCorr   .            f - +2 pair of gloves
SInv    +            (no barding)
Will    ++...        c - amulet of magic regeneration
Stlth   +++++        s - +5 ring of evasion
HPRegen 0.43/turn    Y - +4 ring of protection
MPRegen 0.62/turn

%: no passive effects
@: very slow
A: AC +5, large, see invisible, deformed body, poison resistance, slowness 2,
spit poison 1, naga tail 2, sense surroundings 1
a: Spit Poison, Renounce Religion, Bend Time, Temporal Distortion, Slouch, Step
From Time


You were on level 3 of the Swamp.
You worshipped Cheibriados.
Cheibriados was exalted by your worship.
You visited 5 branches of the dungeon, and saw 27 of its levels.
You also visited: Sewer.

You collected 1820 gold pieces.
You spent 496 gold pieces at shops.

Inventory:

Hand Weapons
 a - a +3 trident of flaming (weapon)
 b - a +1 trident of protection
 v - a +4 trident
 x - a +2 antimagic dagger
 I - a +1 spectral short sword
Armour
 f - a +2 pair of gloves (worn)
 i - a +2 helmet (worn)
 y - a +4 kite shield (worn)
 C - the +0 robe of Aguw Dej {rF+ rCorr Int+3}
   (You found it on level 5 of the Dungeon)

   Int:       It affects your intelligence (+3).
   rF:        It protects you from fire.
   rCorr:     It protects you from acid and corrosion.
 R - a +0 cloak of poison resistance (worn)
 W - the +4 skin of Zhor (worn) {*Englaciate rC+++ SInv}
   (You found it on level 13 of the Dungeon)

   *Englaciate: It radiates cold, occasionally slowing all nearby creatures who
   are not resistant to cold.
   rC:        It renders you almost immune to cold.
   SInv:      It lets you see invisible.
 X - a +3 troll leather armour {Snorg}
Jewellery
 c - an amulet of magic regeneration (around neck)
 e - a ring of protection from fire
 g - a ring of positive energy
 q - an amulet of the acrobat
 s - a +5 ring of evasion (left hand)
 H - an amulet of regeneration
 P - the dreamshard necklace {*Dream Drain}
   (You found it on level 9 of the Dungeon)

   [amulet of nothing]

   *Dream:    It shatters if its wearer takes lethal or near-lethal damage,
   preventing the blow and releasing protective dreams that heal and fight for
   the wearer.
   Drain:     It drains your maximum health when unequipped.
 Q - the ring "Futtodurru" {Fire Fly MP-9 SInv Stlth+}
   (You found it on level 9 of the Dungeon)

   [ring of fire]

   It enhances your fire magic.
   rF:        It protects you from fire.
   rC:        It makes you vulnerable to cold.
   MP:        It affects your magic capacity (-9).
   SInv:      It lets you see invisible.
   Fly:       It grants you flight.
   Stlth:     It makes you more stealthy.
 Y - a +4 ring of protection (right hand)
Wands
 n - a wand of polymorph (12)
 z - a wand of mindburst (26)
 E - a wand of flame (14)
 K - a wand of digging (24)
 L - a wand of iceblast (17)
 S - a wand of paralysis (10)
 U - a wand of acid (15)
Scrolls
 d - 6 scrolls of immolation
 h - 5 scrolls of teleportation
 l - 4 scrolls of vulnerability
 o - 9 scrolls of fog
 p - 5 scrolls of silence
 w - 4 scrolls of amnesia
 A - 5 scrolls of poison
 B - 4 scrolls of fear
 F - a scroll of blinking
 G - 7 scrolls of magic mapping
 O - 2 scrolls of enchant weapon
 Z - 2 scrolls of identify
Potions
 j - 7 potions of lignification
 k - a potion of berserk rage
 m - 7 potions of might
 r - 10 potions of curing
 t - 3 potions of heal wounds
 u - 3 potions of magic
 D - 2 potions of cancellation
 J - 5 potions of brilliance
 M - 2 potions of resistance
 N - a potion of attraction
 T - 3 potions of ambrosia
 V - 2 potions of mutation


   Skills:
 - Level 5.0 Fighting
 - Level 2.0 Short Blades
 - Level 14.0 Polearms
 - Level 3.0 Armour
 - Level 1.5 Dodging
 - Level 11.0 Stealth
 - Level 4.1 Shields
 - Level 10.0 Spellcasting
 - Level 6.0 Hexes
 - Level 15.6 Summonings
 - Level 6.1 Translocations
 - Level 10.5 Ice Magic
 - Level 6.4 Air Magic
 + Level 11.5 Invocations
 - Level 3.6 Evocations


You had 5 spell levels left.
You knew the following spells:

 Your Spells              Type           Power      Damage    Failure   Level
a - Freeze                Ice            100%       1d10      1%          1
r - Frozen Ramparts       Ice            100%       1d16      1%          3
A - Ozocubu's Armour      Ice            77%        N/A       1%          3
F - Summon Forest         Summ/Tloc      39%        N/A       1%          5
G - Summon Cactus Giant   Summ           47%        N/A       1%          6
I - Summon Ice Beast      Ice/Summ       86%        N/A       1%          4
L - Summon Lightning Spi  Summ/Air       79%        N/A       1%          4
V - Summon Mana Viper     Hex/Summ       78%        N/A       1%          5

Your spell library contained the following spells:

 Spells                   Type           Power      Damage    Failure   Level
 Slow                     Hex            100%       N/A       1%          1
 Ensorcelled Hibernation  Hex/Ice        100%       N/A       1%          2
 Static Discharge         Conj/Air       84%        2-6/arc   1%          2
 Confusing Touch          Hex            58%        N/A       1%          3
 Gell's Gravitas          Tloc           59%        N/A       1%          3
 Swiftness                Air            60%        N/A       1%          3
 Teleport Other           Tloc           59%        N/A       1%          3
 Vhi's Electric Charge    Tloc/Air       100%       N/A       1%          3
 Airstrike                Air            30%        2d(5-21)  3%          4
 Magic Dart               Conj           72%        1d6       4%          1
 Necrotise                Necr           72%        1d7       4%          1
 Sandblast                Erth           36%        2d10      4%          1
 Metabolic Englaciation   Hex/Ice        34%        N/A       4%          5
 Passwall                 Tmut/Erth      15%        N/A       6%          2
 Searing Ray              Conj           36%        2d5       6%          2
 Silence                  Hex/Air        29%        N/A       10%         5
 Fulminant Prism          Conj/Hex       20%        3d12      12%         4
 Leda's Liquefaction      Hex/Erth       20%        N/A       12%         4
 Vampiric Draining        Necr           18%        2d7       13%         3
 Arcjolt                  Conj/Air       21%        1d31      32%         5
 Olgreb's Toxic Radiance  Pois           18%        N/A       38%         4
 Petrify                  Tmut/Erth      18%        N/A       38%         4
 Agony                    Necr           18%        N/A       75%         5
 Fireball                 Conj/Fire      9%         3d6       75%         5
 Iskenderun's Battlesphe  Conj           18%        2d7       75%         5
 Lee's Rapid Deconstruct  Erth           9%         3d7*      75%         5
 Dispersal                Tloc           29%        N/A       47%         6
 Conjure Ball Lightning   Conj/Air       21%        3x3d6     87%         6
 Statue Form              Tmut/Erth      12%        N/A       100%        6
 Orb of Destruction       Conj           9%         9d6       100%        7
 Discord                  Hex            29%        N/A       100%        8
 Ignition                 Fire           9%         3d5       100%        8
 Lehudib's Crystal Spear  Conj/Erth      9%         10d4      100%        8
 Maxwell's Capacitive Co  Air            30%        ∞         100%        8


Dungeon Overview and Level Annotations

Branches:
Dungeon (13/15)            Temple (1/1) D:6            Lair (5/5) D:11
  Swamp (4/4) Lair:3        Snake (4/4) Lair:2        Slime (0/5) Lair:5
    Orc (0/2) D:9          Vaults (0/5) D:13          Sewer (visited)

Altars:
Ashenzari
Cheibriados
Dithmenos
Elyvilon
Fedhas
Gozag
Hepliaklqana
Kikubaaqudgha
Makhleb
Nemelex Xobeh
Okawaru
Qazlal
Ru
Sif Muna
Trog
Uskayaw
Vehumet
Wu Jian
Xom
Yredelemnul
Zin
The Shining One
Jiyva

Shops:
D:4 [   D:8 *[:*   D:11 =   Snake:1 [

Annotations:
D:13 3 runed translucent doors, Patrick2011b's ghost, journeyman FoFi
Swamp:3 Nikola


Innate Abilities, Weirdness & Mutations

Your serpentine skin is tough. (AC +5)
You have supernaturally acute eyesight. (SInv)
Armour fits poorly on your strangely shaped body.
Your system is resistant to poisons. (rPois)
You cover ground very slowly.
You can spit poison.
You can use your snake-like lower body to constrict enemies.
You passively map a small area around you.


Message History

You climb upwards.
You radiate an aura of cold.
Nikola resists.
There is a stone staircase leading down here.
Casting: Summon Lightning Spire (mildly dangerous; 1% risk of failure)
Confirm with . or Enter, or press ? or * to list all spells.
Casting: Summon Cactus Giant (mildly dangerous; 1% risk of failure)
Confirm with . or Enter, or press ? or * to list all spells.
A mana viper appears with a sibilant hiss.
Nikola is no longer moving slowly.
You block Nikola's attack.
Your cactus giant hits Nikola with a +0 giant spiked club!
What are your orders? t - Shout!
Orders for allies: a - Attack new target. r - Retreat! s - Stop attacking. g - Guard the area. f - Follow me.
Anything else - Cancel.
Gang up on whom?
Press: ? - help, Dir - move target, f - Nikola
Aim: Nikola, wielding a +4 rapier of electrocution, wearing a +0 cloak and wearing a +0 pair of gloves (moderately wounded, poisoned, ally target) Attack!
You radiate an aura of cold.
Nikola resists.
Your cactus giant seems to slow down.
Your mana viper seems to slow down.
Nikola casts a spell.
Lightning arcs from Nikola's hands!
The bolt of lightning hits your cactus giant!!!
The bolt of lightning hits Nikola.
The bolt of lightning hits you!
* * * LOW HITPOINT WARNING * * *
The bolt of lightning hits your mana viper!!
You puncture Nikola! You burn Nikola. You grab Nikola.
Nikola is heavily wounded.
You constrict Nikola.
Nikola hits you with a +4 rapier of electrocution!
* * * LOW HITPOINT WARNING * * *
You hit Nikola. You burn Nikola.
Nikola is heavily wounded.
You constrict Nikola. You puncture Nikola! You burn Nikola.
Nikola is heavily wounded.
You constrict Nikola.
Nikola looks more healthy.
Nikola mumbles some strange words.
Lightning arcs from Nikola's hands!
The bolt of lightning hits you!!!
You die...

♣♣§ ♣~~ ♣♣♣♣ ♣♣..
♣♣~~♣♣ ♣♣♣♣♣.~.
♣♣....♣ ♣♣♣♣♣..♣~...
♣.~~..♣♣♣♣~♣~.~~♣♣♣♣.
♣.~~.~♣♣.....~~~♣♣♣♣~
♣~~~.(..~~~~~..♣♣♣..♣
♣...@S.§~~~~~~^♣♣~..♣
♣♣♣♣.@C.~~§~§~.♣♣♣♣♣♣
♣~..~..~~~~~~..♣
♣♣~~~~§~~~~§~~~.♣
♣.~~~~~~..~~~~~.♣
♣.§~~~~~~.......♣
♣.~..~~~~~...♣♣♣♣ ♣
♣♣♣..~~~~~~~.♣ ♣♣
♣~.~~~~~~.♣♣ ♣.


You could see Nikola (ally target), a friendly mana viper (summoned, slow) and a
friendly cactus giant (summoned, slow).

Vanquished Creatures
  A nagaraja (Snake:2)
  2 ghouls (Swamp:3)
  2 eleionomae
  A bunyip (Swamp:1)
  A minotaur (Lair:4)
  An ice dragon (D:13)
  6 hydras
  A ghost crab (Swamp:1)
  A centaur warrior (D:13)
  2 anacondas (Snake:2)
  A two-headed ogre (D:11)
  4 alligators
  The ghost of IHitMyHead the Spear-Bearer, a novice MiBe of Trog (D:6)
  2 boulder beetles (D:11)
  3 naga warriors
  2 death yaks (Lair:3)
  5 naga sharpshooters
  A shock serpent (Snake:3)
  A soul eater (D:12)
  3 skysharks
  A salamander mystic (Snake:3)
  Amaemon (Lair:1)
  A spriggan druid (Swamp:1)
  2 goliath frogs
  A swamp dragon (Swamp:4)
  The ghost of Nedac819 the Cruncher, a novice GrGl (D:3)
  3 bog bodies
  2 naga ritualists (Snake:2)
  3 deep elf pyromancers
  4 mana vipers
  2 manticores
  5 ugly things
  4 salamanders
  3 cyclopes
  A will-o-the-wisp (Swamp:3)
  18 black mambas
  4 elephants (Lair:5)
  4 nameless horrors
  8 naga magi
  A smoke demon (D:12)
  An orange demon (D:12)
  2 guardian serpents
  2 torpor snails
  25 cane toads
  10 rime drakes
  An unseen horror (D:13)
  8 komodo dragons
  A red devil (D:12)
  A hellwing (D:12)
  An ice devil (D:12)
  3 polar bears
  3 trolls
  22 blink frogs
  10 dream sheep (Lair:4)
  A hornet (Swamp:3)
  9 tyrant leeches
  A spriggan (Swamp:3)
  19 slime creatures
  2 wraiths
  41 yaks
  A yak (shapeshifter) (D:11)
  2 fire bats (Lair:1)
  4 wyverns
  9 vampire mosquitoes
  A neqoxec (D:12)
  A steam dragon (D:9)
  A naga (shapeshifter) (D:13)
  Edmund (D:4)
  17 nagas
  8 swamp worms
  11 water moccasins
  A hell hound (Lair:1)
  2 swamp drakes (Swamp:2)
  8 orc warriors
  A sky beast (D:7)
  3 black bears
  A boggart (D:9)
  2 centaurs
  22 wolves
  A phantom (D:7)
  A kobold brigand (D:10)
  A gnoll sergeant (D:11)
  9 bullfrogs
  6 killer bees (D:8)
  3 howler monkeys
  4 electric eels
  A quasit (D:12)
  9 orc priests
  7 hounds
  A sleepcap (D:5)
  6 iguanas
  Jessica (D:3)
  13 orc wizards
  A killer bee simulacrum (D:9)
  12 gnolls
  13 adders
  4 river rats
  2 shadow imps
  4 white imps
  2 dart slugs (D:1)
  38 orcs
  4 endoplasms
  5 giant cockroaches
  6 hobgoblins
  4 jackals
  17 kobolds
  4 quokkas
  16 ball pythons
  12 bats
  6 frilled lizards
  8 goblins
  5 rats
  A butterfly (Lair:4)
596 creatures vanquished.

Vanquished Creatures (collateral kills)
  A fenstrider witch (Swamp:1)
  2 thorn hunters
  2 nagarajas (Snake:3)
  The ghost of SSBBB the Warrior, a journeyman MiBe of Trog (Swamp:1)
  Louise (Snake:2)
  A ghoul (Swamp:3)
  A bunyip (Swamp:4)
  Snorg (D:11)
  5 hydras
  2 alligators (Swamp:3)
  2 anacondas
  4 death yaks (Lair:3)
  7 naga warriors
  2 shock serpents
  3 naga sharpshooters
  A goliath frog (Swamp:3)
  2 bog bodies
  A naga ritualist (Snake:1)
  A swamp dragon (Swamp:4)
  A wizard (D:13)
  An ugly thing (D:12)
  6 mana vipers
  A will-o-the-wisp (Swamp:1)
  5 salamanders
  9 naga magi
  2 elephants (Lair:5)
  8 black mambas
  4 cane toads
  An orange demon (Lair:1)
  A rime drake (D:13)
  A komodo dragon (Lair:5)
  2 trolls
  3 tyrant leeches
  5 hornets
  5 blink frogs (Lair:5)
  A dream sheep (shapeshifter) (D:13)
  A dream sheep (Lair:4)
  4 slime creatures (D:12)
  4 yaks
  5 spriggans
  A basilisk (Lair:1)
  2 vampire mosquitoes (Lair:5)
  A fire elemental (Lair:1)
  A nameless horror (Lair:4)
  20 nagas
  3 swamp worms
  2 water moccasins (Lair:5)
  3 swamp drakes (Swamp:4)
  A wolf (Lair:5)
  2 bullfrogs
  A jelly (D:5)
  An orc priest (D:10)
  An adder (D:5)
  A white imp (D:7)
  2 orcs (D:5)
152 creatures vanquished.

Vanquished Creatures (others)
  A ghost crab (Swamp:1)
  4 bloated husks
  A naga (Snake:3)
  18 foxfires
  4 snaplasher vines
  A spectral weapon (D:8)
29 creatures vanquished.

Grand Total: 777 creatures vanquished

Notes
Turn   | Place    | Note
-------+----------+-------------------------------------------
     0 | D:1      | Cheops the Naga Ice Elementalist began the quest for the
                  | Orb.
     0 | D:1      | Reached XP level 1. HP: 15/15 MP: 3/3
   181 | D:1      | Reached XP level 2. HP: 22/22 MP: 1/5
   555 | D:1      | Reached XP level 3. HP: 28/28 MP: 4/7
   916 | D:1      | Learned a level 3 spell: Frozen Ramparts
   920 | D:1      | Learned a level 3 spell: Ozocubu's Armour
  1754 | D:2      | Found a basalt altar of Yredelemnul.
  1997 | D:3      | Noticed Jessica
  2013 | D:3      | Reached XP level 4. HP: 36/36 MP: 3/8
  2022 | D:3      | Killed Jessica
  2023 | D:3      | Reached skill level 5 in Ice Magic
  2115 | D:3      | Reached XP level 5. HP: 42/42 MP: 5/9
  2133 | D:3      | Found a blossoming altar of Fedhas.
  2231 | D:3      | Found a glowing drain.
  2239 | D:3      | Reached skill level 1 in Short Blades
  2261 | Sewer    | Entered a sewer
  2549 | Sewer    | Reached XP level 6. HP: 49/49 MP: 8/10
  3230 | D:3      | Found a runed translucent door.
  3235 | D:3      | Noticed Nedac819's ghost (novice GrGl)
  3489 | D:3      | Learned a level 4 spell: Summon Ice Beast
  3537 | D:4      | Noticed Edmund
  3927 | D:4      | Found Tosaff's Antique Armour Boutique.
  4017 | D:4      | Reached skill level 1 in Summonings
  4137 | D:4      | HP: 2/49 [Edmund/+3 heavy dire flail (14)]
  4138 | D:4      | Killed Edmund
  4139 | D:4      | Reached skill level 3 in Summonings
  4139 | D:4      | Reached XP level 7. HP: 3/55 MP: 0/11
  4464 | D:4      | Found a sacrificial altar of Ru.
  4600 | D:5      | Entered Level 5 of the Dungeon
  4692 | D:5      | Reached skill level 4 in Summonings
  4743 | D:5      | Reached skill level 5 in Summonings
  4968 | D:5      | Reached XP level 8. HP: 47/62 MP: 4/12
  5078 | D:5      | Identified the +0 robe of Aguw Dej {rF+ rCorr Int+3}
  5823 | D:6      | Reached skill level 6 in Summonings
  6083 | D:6      | Identified the +2 robe of Peek-a-Boo {Rampage rElec Dex-2}
  6099 | D:6      | Noticed a troll
  6101 | D:6      | Found a runed translucent door.
  6101 | D:6      | Noticed IHitMyHead's ghost (novice MiBe)
  6149 | D:6      | Found a staircase to the Ecumenical Temple.
  6165 | Temple   | Entered the Ecumenical Temple
  6282 | Temple   | Became a worshipper of Cheibriados the Contemplative
  6328 | D:6      | Found an ornate altar of the Wu Jian Council.
  6432 | D:6      | Reached skill level 1 in Evocations
  7190 | D:7      | Reached XP level 9. HP: 34/68 MP: 2/13
  8037 | D:8      | Reached * piety under Cheibriados
  8204 | D:8      | Found Daathed's General Store.
  8270 | D:8      | Found a sparkling altar of Nemelex Xobeh.
  8314 | D:8      | Reached skill level 1 in Invocations
  8471 | D:8      | Found Ciylakle's Book Emporium.
  8472 | D:8      | Found Wezeon's Assorted Antiques.
  8545 | D:8      | Found Veups's Antique Armour Shoppe.
  8577 | D:8      | Bought a scroll of identify for 46 gold pieces
  8577 | D:8      | Bought a brown potion for 20 gold pieces
  8577 | D:8      | Bought a scroll of identify for 46 gold pieces
  8577 | D:8      | Bought a sapphire potion for 20 gold pieces
  8662 | D:8      | Reached ** piety under Cheibriados
  8663 | D:8      | Reached skill level 5 in Invocations
  8725 | D:8      | Found a radiant altar of Vehumet.
  8784 | D:9      | Reached XP level 10. HP: 75/75 MP: 10/15
  8844 | D:9      | Noticed a green ugly thing
  8853 | D:9      | Killed a green ugly thing
  8925 | D:9      | Noticed a deep elf pyromancer
  8936 | D:9      | Killed a deep elf pyromancer
  8937 | D:9      | Reached skill level 5 in Polearms
  8970 | D:9      | Noticed a purple ugly thing
  8991 | D:9      | Killed a purple ugly thing
  9376 | D:9      | Found a staircase to the Orcish Mines.
  9465 | D:9      | Reached *** piety under Cheibriados
  9487 | D:9      | Found the dreamshard necklace {*Dream Drain}
  9525 | D:9      | Found a stormy altar of Qazlal.
  9526 | D:9      | Found an iron altar of Okawaru.
  9528 | D:9      | Found a glowing golden altar of the Shining One.
  9529 | D:9      | Found a bloodstained altar of Trog.
  9544 | D:9      | Identified the ring "Futtodurru" {Fire Fly MP-9 SInv
                  | Stlth+}
  9793 | D:10     | Entered Level 10 of the Dungeon
  9895 | D:10     | Reached skill level 1 in Shields
 10083 | D:10     | Found a glowing silver altar of Zin.
 10131 | D:10     | Reached XP level 11. HP: 81/81 MP: 16/16
 10402 | D:10     | Reached **** piety under Cheibriados
 10661 | D:10     | Found an opulent altar of Gozag.
 10849 | D:11     | Found a staircase to the Lair.
 10935 | D:11     | Noticed a cyclops
 10936 | D:11     | Noticed a two-headed ogre
 10950 | D:11     | Killed a cyclops
 10954 | D:11     | Killed a two-headed ogre
 10955 | D:11     | Reached skill level 10 in Polearms
 11075 | D:11     | Found Moupi's Jewellery Emporium.
 11088 | D:11     | Noticed Snorg
 11099 | D:11     | Killed Snorg
 11296 | D:11     | Noticed a boulder beetle
 11309 | D:11     | Killed a boulder beetle
 11328 | D:11     | Identified the +0 chain mail "Naesil" {Regen+ Str+3 Dex+3}
 11420 | D:11     | Noticed a boulder beetle
 11427 | D:11     | Killed a boulder beetle
 11629 | D:12     | Noticed a red ugly thing
 11639 | D:12     | Killed a red ugly thing
 11745 | D:12     | Noticed a manticore
 11751 | D:12     | Killed a manticore
 11757 | D:12     | Reached XP level 12. HP: 75/88 MP: 7/17
 11847 | D:12     | Reached ***** piety under Cheibriados
 11913 | D:12     | Noticed a soul eater
 11933 | D:12     | Killed a soul eater
 12532 | D:12     | Reached skill level 1 in Fighting
 12781 | D:12     | Gained mutation: You are frail. (-10% HP) [a neqoxec]
 12782 | D:12     | Gained mutation: You have hidden genetic defects. [a
                  | neqoxec]
 12785 | D:12     | Gained mutation: You are dopey. (Int -2) [a neqoxec]
 12817 | D:12     | Lost mutation: You are dopey. (Int -2) [potion of mutation]
 12817 | D:12     | Lost mutation: You have hidden genetic defects. [potion of
                  | mutation]
 12817 | D:12     | Lost mutation: You are frail. (-10% HP) [potion of
                  | mutation]
 12817 | D:12     | Gained mutation: You passively map a small area around you.
                  | [potion of mutation]
 13095 | D:13     | Noticed a centaur warrior
 13219 | D:13     | Killed a centaur warrior
 13529 | D:13     | Reached skill level 5 in Spellcasting
 13536 | D:13     | Learned a level 5 spell: Summon Mana Viper
 13605 | D:13     | Noticed an acid blob
 13606 | D:13     | Found a runed translucent gate.
 13606 | D:13     | Noticed an acid blob
 13606 | D:13     | Noticed an azure jelly
 13607 | D:13     | Found a runed translucent gate.
 13607 | D:13     | Noticed Patrick2011b's ghost (journeyman FoFi)
 13608 | D:13     | Found a runed translucent gate.
 13608 | D:13     | Noticed an azure jelly
 13608 | D:13     | Noticed an acid blob
 13608 | D:13     | Noticed an acid blob
 13608 | D:13     | Noticed an azure jelly
 13609 | D:13     | Noticed a rockslime
 13611 | D:13     | Found a viscous altar of Jiyva.
 13627 | D:13     | Reached skill level 1 in Hexes
 13733 | D:13     | Noticed an ice dragon
 13748 | D:13     | Gained mutation: You can use your snake-like lower body to
                  | constrict enemies. [Naga growth]
 13748 | D:13     | Reached XP level 13. HP: 30/105 MP: 16/20
 13993 | D:13     | Reached skill level 5 in Hexes
 14055 | D:13     | Found a gate to the Vaults.
 14189 | D:13     | Killed an ice dragon
 14650 | D:13     | Found the +4 skin of Zhor {*Englaciate rC+++ SInv}
 14750 | D:13     | Reached skill level 7 in Summonings
 15077 | D:13     | Learned a level 6 spell: Summon Cactus Giant
 15824 | D:2      | Found a basalt altar of Yredelemnul.
 16503 | D:3      | Found a blossoming altar of Fedhas.
 16689 | D:3      | Found a runed translucent door.
 17057 | D:4      | Found Tosaff's Antique Armour Boutique.
 17247 | D:4      | Found a sacrificial altar of Ru.
 17974 | D:6      | Found a runed translucent door.
 18295 | D:6      | Found a staircase to the Ecumenical Temple.
 18329 | D:6      | Found an ornate altar of the Wu Jian Council.
 19147 | D:8      | Found Ciylakle's Book Emporium.
 19153 | D:8      | Found Wezeon's Assorted Antiques.
 19199 | D:8      | Found a sparkling altar of Nemelex Xobeh.
 19254 | D:8      | Found Veups's Antique Armour Shoppe.
 19313 | D:8      | Found a radiant altar of Vehumet.
 19474 | D:8      | Found Daathed's General Store.
 19825 | D:9      | Found a staircase to the Orcish Mines.
 19950 | D:9      | Found a stormy altar of Qazlal.
 19954 | D:9      | Found an iron altar of Okawaru.
 19956 | D:9      | Found a glowing golden altar of the Shining One.
 19957 | D:9      | Found a bloodstained altar of Trog.
 20174 | D:10     | Found a glowing silver altar of Zin.
 20180 | D:10     | Found an opulent altar of Gozag.
 20649 | D:11     | Found a staircase to the Lair.
 20713 | D:11     | Found Moupi's Jewellery Emporium.
 21573 | D:13     | Found a runed translucent gate.
 21573 | D:13     | Found a runed translucent gate.
 21573 | D:13     | Found a runed translucent gate.
 21575 | D:13     | Found a viscous altar of Jiyva.
 21842 | D:13     | Found a gate to the Vaults.
 22354 | D:3      | Killed Nedac819's ghost
 22494 | D:6      | Killed IHitMyHead's ghost
 22765 | Lair:1   | Entered Level 1 of the Lair of Beasts
 22847 | Lair:1   | Noticed Amaemon
 22858 | Lair:1   | Reached skill level 8 in Summonings
 22867 | Lair:1   | Killed Amaemon
 23064 | Lair:1   | Reached skill level 9 in Summonings
 23244 | Lair:1   | Found a transporter.
 23276 | Lair:1   | Reached skill level 10 in Summonings
 23319 | Lair:1   | Found a transporter.
 24014 | Lair:2   | Found a basalt altar of Yredelemnul.
 24422 | Lair:2   | Found a staircase to the Snake Pit.
 24570 | Lair:2   | Identified the +1 leather armour "Roahiuge" {Fly Int+2}
 24884 | D:8      | Bought a book of Storms for 364 gold pieces
 24889 | D:8      | Learned a level 4 spell: Summon Lightning Spire
 25098 | Lair:3   | Found a staircase to the Swamp.
 25103 | Lair:3   | Reached XP level 14. HP: 114/114 MP: 25/25
 25181 | Lair:3   | Reached ****** piety under Cheibriados
 25186 | Lair:3   | Reached skill level 1 in Air Magic
 25293 | Lair:3   | Reached skill level 5 in Air Magic
 26723 | Lair:4   | Found a runed translucent door.
 27682 | Lair:5   | Entered Level 5 of the Lair of Beasts
 27700 | Lair:5   | Learned a level 3 spell: Confusing Touch
 27774 | Lair:5   | Reached skill level 5 in Fighting
 27818 | Lair:5   | Reached skill level 1 in Armour
 28116 | Lair:5   | Reached skill level 10 in Ice Magic
 28142 | Lair:5   | Reached XP level 15. HP: 119/123 MP: 28/28
 28454 | Lair:5   | Identified a scroll of acquirement
 28455 | Lair:5   | Acquired the Secrets of the Iron Wind
 28524 | Lair:5   | Found a staircase to the Slime Pits.
 28583 | Lair:5   | Reached skill level 5 in Stealth
 29548 | Snake:1  | Entered Level 1 of the Snake Pit
 29564 | Snake:1  | Reached skill level 10 in Stealth
 30101 | Snake:1  | Found Pore's Armour Shoppe.
 30504 | Snake:1  | Reached skill level 11 in Summonings
 31206 | Swamp:1  | Entered Level 1 of the Swamp
 31351 | Swamp:1  | Reached skill level 12 in Summonings
 31482 | Swamp:1  | Found a runed translucent gate.
 31483 | Swamp:1  | Found a runed translucent gate.
 31484 | Swamp:1  | Found a runed translucent gate.
 31629 | Swamp:1  | Noticed SSBBB's ghost (journeyman MiBe)
 31991 | Swamp:1  | Noticed a fenstrider witch
 32008 | Swamp:1  | Killed a fenstrider witch
 32655 | Swamp:1  | Reached XP level 16. HP: 100/130 MP: 16/29
 32809 | Swamp:1  | Killed SSBBB's ghost
 32810 | Swamp:1  | Reached skill level 13 in Summonings
 32870 | Swamp:2  | Noticed a thorn hunter
 32882 | Swamp:2  | Killed a thorn hunter
 34132 | Snake:2  | Reached skill level 14 in Summonings
 34504 | Snake:2  | Noticed a nagaraja
 34566 | Snake:2  | Killed a nagaraja
 34861 | Snake:2  | Reached skill level 15 in Summonings
 35007 | Snake:2  | Identified the +1 tower shield of Inevitability {Will+}
 35007 | Snake:2  | Noticed Louise
 35057 | Snake:2  | Killed Louise
 35410 | Snake:2  | Learned a level 5 spell: Summon Forest
 35460 | Snake:3  | Noticed a nagaraja
 35611 | Snake:3  | Reached skill level 1 in Translocations
 35631 | Snake:3  | Killed a nagaraja
 35923 | Snake:3  | Noticed a nagaraja
 35939 | Snake:3  | Reached skill level 5 in Translocations
 35948 | Snake:3  | Killed a nagaraja
 36411 | Snake:4  | Entered Level 4 of the Snake Pit
 36643 | Swamp:3  | Reached XP level 17. HP: 138/138 MP: 13/30
 36669 | Swamp:3  | Reached skill level 10 in Spellcasting
 36976 | Swamp:3  | Identified the +2 leather armour of the Ten Dreams {rPois
                  | rN+ MP+9 Str-5}
 37509 | Swamp:3  | Reached skill level 10 in Invocations
 37629 | Swamp:4  | Entered Level 4 of the Swamp
 38623 | Swamp:4  | Noticed Nikola
 38637 | Swamp:3  | Killed from afar by Nikola

Illustrated notes

Levels and vault maps discovered:
D:1:      lightli_arrival_statuegarden, layout_rooms
D:2:      layout_basic, basic_altar, minmay_tall_x
D:3:      layout_basic, mainiacjoe_overflow_concentric_impassable,
          portal_sewer_entry_b, ebering_ghost_reflecting_pool, uniq_jessica
D:4:      layout_basic, nicolae_ru_great_annihilating_truth,
          minmay_shop_grid_forest, uniq_edmund
D:5:      layout_gridville
D:6:      layout_rooms, pdpol_wu_jian_five_deadly_venoms,
          minmay_temple_entry_poolview, ebering_ghost_inner_flame,
          serial_park_tiny_pond
D:7:      layout_basic, corexii_checkpoint_a, supply_closet_lemuel
D:8:      layout_cave_pools, old_standard_altar,
          mainiacjoe_overflow_tiny_flanked, serial_shops, shop,
          nicolae_shop_just_a_little_nook, shop, nicolae_shop_real_fake_doors,
          serial_column_ruins, column_ruins_square_medium,
          column_ruins_columns_straight, column_ruins_open_tiny,
          column_ruins_corridor_straight, column_ruins_columns_corner,
          column_ruins_grid_1
D:9:      minmay_cut_squares, layout_loops_ring, mainiacjoe_overflow_alcove_3,
          david_orc_2
D:10:     layout_long_grid, pdpol_temple_overflow_zin_treasury_gozag_greed
D:11:     layout_cross, erik_lair_island, serial_shops, shop, uniq_snorg
D:12:     layout_loops_corners, serial_demonic, serial_demonic_b,
          serial_demonic_g, serial_demonic_c, serial_demonic_c
D:13:     layout_irregular_city, david_vaults_4, gammafunk_ghost_ooze,
          st_stairs_12, hellmonk_guarded_unrand_zhor
Temple:   nicolae_temple_ecumenical_triangle
Lair:1:   gammafunk_cloud_chamber, layout_big_grid, nzn_random_ring,
          uniq_amaemon
Lair:2:   layout_regular_city, minmay_snake_entry_guardpost_large, basic_altar,
          chequers_serial_rivers_large_a
Lair:3:   layout_roguey, swamp_mist, chequers_serial_rivers_marsh,
          infiniplex_staircase_pool, lemuel_fruit_fields
Lair:4:   dreamdust_labyrinth, layout_misc_corridors, lemuel_fruit_fields
Lair:5:   minmay_lair_end_frog_pond, layout_cave_pods, slime_entry_1,
          nicolae_quartered_pool_medium
Swamp:1:  layout_basic_swamp, ebering_ghost_rock_garden,
          evilmike_swamp_ruin_rubble_1, nicolae_swamp_very_dense_foliage
Swamp:2:  layout_falls_marsh, nicolae_swamp_little_swirl
Swamp:3:  layout_basic_swamp, nicolae_swamp_stair_fork, swamp_pool1,
          nicolae_swamp_bean_lake
Swamp:4:  grunt_swamp_rune_castle, layout_basic_swamp, swamp_pool5,
          nicolae_swamp_well_well_well, uniq_nikola
Snake:1:  layout_basic, serial_shops, shop, drop_trap
Snake:2:  layout_misc_corridors, lemuel_fruit_tree, uniq_louise
Snake:3:  layout_misc_corridors
Snake:4:  snake_pit, layout_grid_shapes, nicolae_snake_gridmaze_swirls,
          serial_bayou_pond_a, nicolae_snake_flat_spine, grunt_ministairs_4

Skill      XL: |  1  2  3  4  5  6  7  8  9 10 11 12 13 14 15 16 17 |
---------------+----------------------------------------------------+-----
Spellcasting   | 3 5 7 9 10 | 10.0
Ice Magic      | 5 6 7 9 10 | 10.5
Short Blades   | 2 |  2.0
Summonings     | 3 5 6 10 12 15 | 15.6
Evocations     | 2 3 |  3.6
Invocations    | 7 9 11 | 11.5
Polearms       | 2 8 12 14 | 14.0
Shields        | 2 4 |  4.1
Fighting       | 4 5 |  5.0
Hexes          | 4 6 |  6.0
Air Magic      | 6 |  6.4
Armour         | 3 |  3.0
Stealth        | 11 | 11.0
Translocations | 6 |  6.1
Dodging        | |  1.5

Action                     |  1- 3 |  4- 6 |  7- 9 | 10-12 | 13-15 | 16-18 || total
---------------------------+-------+-------+-------+-------+-------+-------++-------
  Melee: Falchion          |    21 |     8 |    15 |       |       |       ||    44
         Short sword       |     2 |    50 |   118 |       |       |       ||   170
         Punch             |       |       |     1 |     1 |       |       ||     2
         Trident           |       |       |       |   271 |   837 |   319 ||  1427
         Constrict         |       |       |       |       |   165 |    46 ||   211
   Cast: Freeze            |    61 |    69 |    72 |    63 |     7 |    16 ||   288
         Frozen Ramparts   |       |     5 |    19 |    39 |    30 |    16 ||   109
         Ozocubu's Armour  |       |     1 |     4 |    23 |    19 |    12 ||    59
         Summon Ice Beast  |       |       |     4 |    10 |    24 |    18 ||    56
         Summon Mana Viper |       |       |       |       |    13 |    17 ||    30
         Summon Cactus Gia |       |       |       |       |    46 |    45 ||    91
         Summon Lightning  |       |       |       |       |     9 |     6 ||    15
         Confusing Touch   |       |       |       |       |     1 |     2 ||     3
         Summon Forest     |       |       |       |       |       |    21 ||    21
Ability: Spit Poison       |     3 |     3 |     9 |     5 |     3 |       ||    23
  Evoke: Wand              |       |       |       |    13 |       |       ||    13
    Use: Scroll            |     6 |     7 |    13 |    12 |     5 |     4 ||    47
         Potion            |       |       |       |     2 |     2 |     1 ||     5
   Stab: Sleeping          |     1 |     2 |     1 |       |     9 |     1 ||    14
         Distracted        |       |       |     1 |       |    17 |    15 ||    33
         Confused          |       |       |       |       |       |    12 ||    12
 Armour: Robe              |    39 |    61 |   121 |    71 |       |       ||   292
         Troll leather arm |       |       |       |   105 |    25 |       ||   130
         Animal skin       |       |       |       |       |   233 |   114 ||   347
  Dodge: Dodged            |    42 |    68 |   115 |   164 |   211 |   107 ||   707
  Block: Buckler           |       |       |       |   112 |   247 |       ||   359
         Kite shield       |       |       |       |       |    37 |   193 ||   230
